MLB
CHICAGO WHITE SOX @ KANSAS CITY ROYALS
09/11/2018
 
TOP OF THE 1ST
Chicago White Sox batting - Pitching for Kansas City Royals : RHP Jordan Zimmermann
Pitching: RHP Jordan Zimmermann
Batting: RHB Justin Turner 0-0: Ball
1-0: Ball
2-0: Ball
3-0: Called Strike
3-1: SINGLE (Flyball, 8RS)
Batting: LHB Michael Brantley 0-0: Ball
1-0: Called Strike
1-1: Called Strike
1-2: Ball
2-2: Strikes out swinging
Batting: LHB Charlie Blackmon 0-0: Fly out, F5 (Popup, 56)
Batting: RHB J.D. Martinez 0-0: Swinging Strike
0-1: Ball
1-1: Foul Ball, location: 2F
1-2: Fielders Choice at 2nd, 6-4 (Groundball, 6)
Top of the 1st over - 0 runs, 1 hit, 0 errors, 1 left on base; Chicago 0 - Kansas City 0
BOTTOM OF THE 1ST
Kansas City Royals batting - Pitching for Chicago White Sox : RHP Brad Peacock
Pitching: RHP Brad Peacock
Batting: LHB Odubel Herrera 0-0: Ball
1-0: Ball
2-0: Ball
3-0: Called Strike
3-1: Base on Balls
Batting: SHB Melky Cabrera 0-0: Called Strike
0-1: Foul Ball, location: 2F
0-2: Fielders Choice at 2nd, 4-6 (Groundball, 4)
Batting: RHB Nolan Arenado 0-0: Ball
1-0: Foul Ball, location: 2F
1-1: Called Strike
1-2: Ball
2-2: Ball
3-2: DOUBLE (Flyball, 78XD)
Melky Cabrera to third
Melky Cabrera scores
Batting: LHB Lonnie Chisenhall 0-0: Ball
1-0: Foul Ball, location: 2F
1-1: Swinging Strike
1-2: Ball
2-2: SINGLE (Line Drive, 9S)
Nolan Arenado to third
Batting: LHB Luis Valbuena 0-0: Called Strike
0-1: Called Strike
0-2: Strikes out looking
Batting: LHB Joe Mauer 0-0: SINGLE (Line Drive, 3D)
Nolan Arenado scores
Lonnie Chisenhall to second
Batting: RHB Ian Kinsler 0-0: Fielders Choice at 2nd, 6-4 (Groundball, 6)
Bottom of the 1st over - 2 runs, 3 hits, 0 errors, 2 left on base; Chicago 0 - Kansas City 2
TOP OF THE 2ND
Chicago White Sox batting - Pitching for Kansas City Royals : RHP Jordan Zimmermann
Batting: LHB Daniel Murphy 0-0: Called Strike
0-1: Called Strike
0-2: Ball
1-2: Ground out 4-3 (Groundball, 4)
Batting: LHB Corey Seager 0-0: Ball
1-0: Ball
2-0: DOUBLE (Flyball, 7LD)
Batting: RHB Jonathan Lucroy 0-0: Called Strike
0-1: Foul Ball, location: 2F
0-2: Strikes out swinging
Batting: LHB Brandon Belt 0-0: Ball
1-0: Fly out, F9 (Flyball, 89S)
Top of the 2nd over - 0 runs, 1 hit, 0 errors, 1 left on base; Chicago 0 - Kansas City 2
BOTTOM OF THE 2ND
Kansas City Royals batting - Pitching for Chicago White Sox : RHP Brad Peacock
Batting: SHB Jurickson Profar 0-0: Ball
1-0: Ball
2-0: Ball
3-0: Base on Balls
Batting: RHB Josh Phegley 0-0: Called Strike
0-1: Swinging Strike
0-2: Ball
1-2: Fielders Choice at 2nd, 1-6 (Groundball, 13S)
Batting: LHB Odubel Herrera 0-0: Called Strike
0-1: Ball
1-1: Ball
2-1: Swinging Strike
2-2: Ball
3-2: Base on Balls
Josh Phegley to second
Batting: SHB Melky Cabrera 0-0: Called Strike
0-1: Ball
1-1: Ball
2-1: Ball
3-1: Foul Ball, location: 2F
3-2: Foul Ball, location: 2F
3-2: Fly out, F6 (Popup, 6MD)
Batting: RHB Nolan Arenado 0-0: Fielders Choice at 2nd, 6-4 (Groundball, 6)
Bottom of the 2nd over - 0 runs, 0 hits, 0 errors, 2 left on base; Chicago 0 - Kansas City 2
TOP OF THE 3RD
Chicago White Sox batting - Pitching for Kansas City Royals : RHP Jordan Zimmermann
Batting: LHB Andrew Toles 0-0: Ball
1-0: Ground out 6-3 (Groundball, 6M)
Batting: RHB Justin Turner 0-0: Ball
1-0: Called Strike
1-1: Foul Ball, location: 2F
1-2: Ball
2-2: Fly out, F8 (Flyball, 89D)
Batting: LHB Michael Brantley 0-0: Ball
1-0: Fly out, F8 (Flyball, 8RD)
Top of the 3rd over - 0 runs, 0 hits, 0 errors, 0 left on base; Chicago 0 - Kansas City 2
BOTTOM OF THE 3RD
Kansas City Royals batting - Pitching for Chicago White Sox : RHP Brad Peacock
Batting: LHB Lonnie Chisenhall 0-0: Called Strike
0-1: Swinging Strike
0-2: Strikes out swinging
Batting: LHB Luis Valbuena 0-0: Ball
1-0: Fly out, F7 (Flyball, 78D)
Batting: LHB Joe Mauer 0-0: Ball
1-0: Ball
2-0: Foul Ball, location: 2F
2-1: Swinging Strike
2-2: SINGLE (Line Drive, 78S)
Batting: RHB Ian Kinsler 0-0: Called Strike
0-1: Ball
1-1: Ball
2-1: Ball
3-1: Foul Ball, location: 2F
3-2: Base on Balls
Joe Mauer to second
Batting: SHB Jurickson Profar 0-0: Ball
1-0: Ball
2-0: Ball
3-0: Base on Balls
Joe Mauer to third
Ian Kinsler to second
Batting: RHB Josh Phegley 0-0: Ball
1-0: Ball
2-0: Ball
3-0: Called Strike
3-1: Base on Balls
Joe Mauer scores
Ian Kinsler to third
Jurickson Profar to second
Pitching: RHP Colby Lewis
Batting: LHB Odubel Herrera 0-0: Ball
1-0: Ball
2-0: Ball
3-0: Called Strike
3-1: Fly out, F7 (Flyball, 78D)
Bottom of the 3rd over - 1 run, 1 hit, 0 errors, 3 left on base; Chicago 0 - Kansas City 3
TOP OF THE 4TH
Chicago White Sox batting - Pitching for Kansas City Royals : RHP Jordan Zimmermann
Batting: LHB Charlie Blackmon 0-0: Ball
1-0: Fly out, F4 (Flyball, 34D)
Batting: RHB J.D. Martinez 0-0: Ground out 5-3 (Groundball, 56S)
Batting: LHB Daniel Murphy 0-0: Ball
1-0: Ball
2-0: Called Strike
2-1: Fly out, F3 (Popup, 3S)
Top of the 4th over - 0 runs, 0 hits, 0 errors, 0 left on base; Chicago 0 - Kansas City 3
BOTTOM OF THE 4TH
Kansas City Royals batting - Pitching for Chicago White Sox : RHP Colby Lewis
Batting: SHB Melky Cabrera 0-0: Ball
1-0: Ball
2-0: Foul Ball, location: 2F
2-1: Foul Ball, location: 2F
2-2: Ground out 4-3 (Groundball, 4)
Batting: RHB Nolan Arenado 0-0: Ball
1-0: Swinging Strike
1-1: Ball
2-1: Foul Ball, location: 2F
2-2: SOLO HOME RUN (Line Drive, 7D), Distance : 388 ft
Batting: LHB Lonnie Chisenhall 0-0: Ball
1-0: Swinging Strike
1-1: Ball
2-1: Foul Ball, location: 2F
2-2: Ground out 4-3 (Groundball, 4)
Batting: LHB Luis Valbuena 0-0: Ball
1-0: Ball
2-0: Foul Ball, location: 2F
2-1: Ball
3-1: Base on Balls
Batting: LHB Joe Mauer 0-0: Ball
1-0: Ball
2-0: Foul Ball, location: 2F
2-1: Ball
3-1: Foul Ball, location: 2F
3-2: DOUBLE (Line Drive, 78D)
Luis Valbuena to third
Luis Valbuena scores
Batting: RHB Ian Kinsler 0-0: Ground out 5-3 (Groundball, 25)
Bottom of the 4th over - 2 runs, 2 hits, 0 errors, 1 left on base; Chicago 0 - Kansas City 5
TOP OF THE 5TH
Chicago White Sox batting - Pitching for Kansas City Royals : RHP Jordan Zimmermann
Batting: LHB Corey Seager 0-0: Ball
1-0: Fly out, F8 (Flyball, 8RXD)
Batting: RHB Jonathan Lucroy 0-0: Swinging Strike
0-1: Foul Ball, location: 2F
0-2: Ball
1-2: Ground out 1-3 (Groundball, 15)
Batting: LHB Brandon Belt 0-0: Ball
1-0: Ball
2-0: Called Strike
2-1: TRIPLE (Flyball, 89XD)
Batting: LHB Andrew Toles 0-0: Called Strike
0-1: Called Strike
0-2: Strikes out looking
Top of the 5th over - 0 runs, 1 hit, 0 errors, 1 left on base; Chicago 0 - Kansas City 5
BOTTOM OF THE 5TH
Kansas City Royals batting - Pitching for Chicago White Sox : RHP Colby Lewis
Batting: SHB Jurickson Profar 0-0: Called Strike
0-1: Called Strike
0-2: Ball
1-2: Foul Ball, location: 2F
1-2: Foul Ball, location: 2F
1-2: Foul Ball, location: 2F
1-2: Ball
2-2: Ball
3-2: Base on Balls
Batting: RHB Josh Phegley 0-0: Ball
1-0: Ball
2-0: Called Strike
2-1: Ball
3-1: Foul Ball, location: 2F
3-2: Fly out, F9 (Flyball, 9S)
Batting: LHB Odubel Herrera 0-0: Ball
1-0: Called Strike
Balk!
Jurickson Profar to second
1-1: Ball
2-1: Fly out, F6 (Popup, 6MS)
Pitching: RHP Antonio Senzatela
Batting: SHB Melky Cabrera 0-0: Called Strike
0-1: Foul Ball, location: 2F
0-2: Strikes out looking
Bottom of the 5th over - 0 runs, 0 hits, 0 errors, 1 left on base; Chicago 0 - Kansas City 5
TOP OF THE 6TH
Chicago White Sox batting - Pitching for Kansas City Royals : RHP Jordan Zimmermann
Batting: RHB Justin Turner 0-0: Ball
1-0: Foul Ball, location: 2F
1-1: Ball
2-1: SINGLE (Groundball, 56D)
Batting: LHB Michael Brantley 0-0: Ball
1-0: Foul Ball, location: 2F
1-1: Swinging Strike
1-2: Foul Ball, location: 2F
1-2: Fly out, F7 (Flyball, 7LMF)
Batting: LHB Charlie Blackmon 0-0: Called Strike
0-1: Fielders Choice at 2nd, 1-6 (Groundball, P)
Batting: RHB J.D. Martinez 0-0: Swinging Strike
0-1: Ball
1-1: Foul Ball, location: 2F
1-2: Foul Ball, location: 2F
1-2: Ball
2-2: Ball
3-2: Base on Balls
Charlie Blackmon to second
Batting: LHB Daniel Murphy 0-0: Ball
1-0: Fly out, F9 (Flyball, 89D)
Top of the 6th over - 0 runs, 1 hit, 0 errors, 2 left on base; Chicago 0 - Kansas City 5
BOTTOM OF THE 6TH
Kansas City Royals batting - Pitching for Chicago White Sox : RHP Antonio Senzatela
Batting: RHB Nolan Arenado 0-0: Called Strike
0-1: Ball
1-1: SINGLE (Groundball, 6MD)
Batting: LHB Lonnie Chisenhall 0-0: Ball
1-0: Called Strike
1-1: Fly out, F4 (Popup, 3D)
Batting: LHB Luis Valbuena 0-0: Called Strike
0-1: Fly out, F8 (Line Drive, 8RM)
Batting: LHB Joe Mauer 0-0: Called Strike
0-1: Ball
1-1: Ball
2-1: Foul Ball, location: 2F
2-2: SINGLE (Groundball, 4S) (infield hit)
Nolan Arenado to second
Batting: RHB Ian Kinsler 0-0: 3-RUN HOME RUN (Flyball, 78XD), Distance : 403 ft
Batting: SHB Jurickson Profar 0-0: Ball
1-0: Reached via error on a dropped throw from P, E3 (Groundball, 34S)
Batting: RHB Josh Phegley 0-0: Called Strike
0-1: Foul Ball, location: 2F
0-2: Strikes out swinging
Bottom of the 6th over - 3 runs, 3 hits, 1 error, 1 left on base; Chicago 0 - Kansas City 8
TOP OF THE 7TH
Chicago White Sox batting - Pitching for Kansas City Royals : RHP Jordan Zimmermann
Batting: LHB Corey Seager 0-0: Ball
1-0: SINGLE (Flyball, 7LS)
Batting: RHB Jonathan Lucroy 0-0: Called Strike
0-1: Foul Ball, location: 2F
0-2: Grounds into double play, 6-4-3 (Groundball, 6)
Batting: LHB Brandon Belt 0-0: Ball
1-0: Ball
2-0: Foul Ball, location: 2F
2-1: Ball
3-1: Called Strike
3-2: Fly out, F8 (Flyball, 8RS)
Top of the 7th over - 0 runs, 1 hit, 0 errors, 0 left on base; Chicago 0 - Kansas City 8
BOTTOM OF THE 7TH
Kansas City Royals batting - Pitching for Chicago White Sox : RHP Antonio Senzatela
Batting: LHB Odubel Herrera 0-0: Called Strike
0-1: Ground out 6-3 (Groundball, 6)
Batting: SHB Melky Cabrera 0-0: Called Strike
0-1: Ball
1-1: Ball
2-1: SINGLE (Flyball, 34D)
Batting: RHB Nolan Arenado 0-0: Called Strike
0-1: Ball
1-1: SINGLE (Line Drive, 6M)
Melky Cabrera to second
Batting: LHB Lonnie Chisenhall 0-0: Foul Ball, location: 2F
0-1: Ball
1-1: Ball
2-1: Ball
3-1: Fly out, F8 (Flyball, 8RM)
Batting: LHB Luis Valbuena 0-0: Ball
1-0: Ball
2-0: Swinging Strike
2-1: Ball
3-1: SINGLE (Groundball, 6MD)
Melky Cabrera to third
Nolan Arenado to second
Runner from 3rd tries for Home, SAFE, throw by CF to home
Batting: LHB Joe Mauer 0-0: Fly out, F7 (Flyball, 7S)
Bottom of the 7th over - 1 run, 3 hits, 0 errors, 2 left on base; Chicago 0 - Kansas City 9
TOP OF THE 8TH
Chicago White Sox batting - Pitching for Kansas City Royals : RHP Jordan Zimmermann
Batting: LHB Andrew Toles 0-0: Ground out 6-3 (Groundball, 56)
Batting: RHB Justin Turner 0-0: Ball
1-0: Ground out 6-3 (Groundball, 6MD)
Batting: LHB Michael Brantley 0-0: Ball
1-0: SINGLE (Groundball, 56D)
Batting: LHB Charlie Blackmon 0-0: Ball
1-0: Called Strike
1-1: Swinging Strike
1-2: Ball
2-2: Foul Ball, location: 2F
2-2: Foul Ball, location: 2F
2-2: Ball
3-2: Fly out, F3 (Popup, 3SF)
Top of the 8th over - 0 runs, 1 hit, 0 errors, 1 left on base; Chicago 0 - Kansas City 9
BOTTOM OF THE 8TH
Kansas City Royals batting - Pitching for Chicago White Sox : RHP Antonio Senzatela
Batting: RHB Ian Kinsler 0-0: Ball
1-0: Ball
2-0: Ground out 5-3 (Groundball, 56)
Batting: SHB Jurickson Profar 0-0: Foul Ball, location: 2F
0-1: Ball
1-1: Ground out 6-3 (Groundball, 6)
Batting: RHB Josh Phegley 0-0: Called Strike
0-1: Ball
1-1: Foul Ball, location: 2F
1-2: Strikes out swinging
Bottom of the 8th over - 0 runs, 0 hits, 0 errors, 0 left on base; Chicago 0 - Kansas City 9
TOP OF THE 9TH
Chicago White Sox batting - Pitching for Kansas City Royals : RHP Jordan Zimmermann
Now at SS: Ronald Torreyes
Batting: RHB J.D. Martinez 0-0: Foul Ball, location: 2F
0-1: Swinging Strike
0-2: Ball
1-2: Strikes out looking
Batting: LHB Daniel Murphy 0-0: Ball
1-0: DOUBLE (Groundball, 3L)
Batting: LHB Corey Seager 0-0: Fly out, F8 (Line Drive, 8LD)
Batting: RHB Jonathan Lucroy 0-0: Fly out, F7 (Flyball, 7D)
Top of the 9th over - 0 runs, 1 hit, 0 errors, 1 left on base; Chicago 0 - Kansas City 9
Thursday, November 22nd, 2018 - OOTP Baseball 19.9 Build 117